 Dungeon Crawl Stone Soup version 0.27-a0-1049-g450f9b2e0d (webtiles) character file.

Game seed: 16268558675693857696

9 kae the Insei (level 1, 0/16 HPs)
             Began as a Demigod Transmuter on Apr 20, 2021.
             Slain by a jackal (3 damage)
             ... on level 1 of the Dungeon.
             The game lasted 00:00:11 (414 turns).

kae the Insei (Demigod Transmuter)                   Turns: 414, Time: 00:00:11

Health: 0/16       AC:  2    Str: 11    XL:     1   Next: 86%
Magic:  4/5        EV: 12    Int: 15    God:
Gold:   0          SH:  0    Dex: 14    Spells: 2/3 levels left

rFire    . . .     SeeInvis .     - Unarmed
rCold    . . .     Faith    .   (no shield)
rNeg     . . .     Spirit   .   a - +0 robe
rPois    .         Reflect  .   (helmet currently unavailable)
rElec    .         Harm     .   (no cloak)
rCorr    .         Rampage  .   (no gloves)
Will     .....                  (boots currently unavailable)
Stlth    +.........             (no amulet)
HPRegen  0.05/turn              (no ring)
MPRegen  0.09/turn              (no ring)

@: appendages (expiring)
A: horns 2, talons 2, high mp 1, forlorn
a: End Transformation


You were on level 1 of the Dungeon.
You had temporarily grown beastly horns and talons.
You visited 1 branch of the dungeon, and saw 1 of its levels.

Inventory:

Armour
 a - a +0 robe (worn)
Potions
 b - 2 potions of curing {unknown}


   Skills:
 + Level 1.0 Fighting
 + Level 1.8 Dodging
 * Level 2.8 Unarmed Combat
 + Level 1.9 Spellcasting
 * Level 2.0 Transmutations


You had 2 spell levels left.
You knew the following spells:

 Your Spells              Type           Power      Damage    Failure   Level
a - Beastly Appendage     Tmut           14%        N/A       10%         1

Your spell library contained the following spells:

 Spells                   Type           Power      Damage    Failure   Level
 Wereblood                Tmut           7%         N/A       14%         2
 Spider Form              Tmut/Pois      2%         N/A       41%         3
 Ice Form                 Ice/Tmut       4%         N/A       82%         4
 Hydra Form               Tmut           3%         N/A       95%         5


Dungeon Overview and Level Annotations

Branches:
Dungeon (1/15)


Innate Abilities, Weirdness & Mutations

You have temporarily grown beastly horns and talons.
Your attributes grow dramatically as you level up.
You have an increased reservoir of magic. (+10% MP)
You shall have no god before yourself.


Message History

Casting: Beastly Appendage (safe; 10% risk of failure)
Confirm with . or Enter, or press ? or * to list all spells.
You miscast Beastly Appendage.
You are very lightly contaminated with residual magic.
Nothing appears to happen.
The jackal closely misses you. The jackal misses you.
You barely miss the jackal. The jackal bites you.
You closely miss the jackal. The jackal bites you.
You barely miss the jackal. The jackal bites you. The jackal misses you.
You barely miss the jackal. The jackal barely misses you.
You hit the jackal but do no damage. The jackal barely misses you.
You closely miss the jackal. The jackal bites you.
The jackal barely misses you.
You closely miss the jackal. The jackal misses you.
Your magical contamination has completely faded away.
You are too injured to fight recklessly!
You are too injured to fight recklessly!
You hit the jackal.
You kill the jackal!
Casting: Beastly Appendage (safe; 10% risk of failure)
Confirm with . or Enter, or press ? or * to list all spells.
You grow a pair of large bovine horns.
Your feet morph into talons.
The jackal bites you.
Your transformation is almost over.
The jackal barely misses you. The jackal misses you.
You barely miss the jackal. The jackal bites you.
You hit the jackal but do no damage. You claw the jackal.
Your headbutt misses the jackal.
The jackal is moderately wounded.
The jackal closely misses you.
You closely miss the jackal. Your kick misses the jackal.
The jackal is moderately wounded.
The jackal bites you.
* * * LOW HITPOINT WARNING * * *
The jackal bites you.
* * * LOW HITPOINT WARNING * * *
You hit the jackal.
You kill the jackal!
The jackal bites you.
You die...

#........ ....... ....l.
### ...r. #.. #... ##.. #g.
##... # ##.# #....
....#.l################....
#...gJ.h@..........÷)....
###.#################....
... #..... #..?. ###.....
#.... #...#... ......
#.###... .#.... #.###÷##
#.#...# #.#.####


You could see an endoplasm, a jackal, a hobgoblin and a frilled lizard.

Vanquished Creatures
  2 ball pythons (D:1)
  3 hobgoblins (D:1)
  2 jackals (D:1)
  A frilled lizard (D:1)
  A kobold (D:1)
9 creatures vanquished.

Notes
Turn   | Place    | Note
-------+----------+-------------------------------------------
     0 | D:1      | kae the Demigod Transmuter began the quest for the Orb.
     0 | D:1      | Reached XP level 1. HP: 15/15 MP: 5/5
   134 | D:1      | Reached skill level 1 in Fighting
   414 | D:1      | Slain by a jackal

Illustrated notes

Levels and vault maps discovered:
D:1:      amcnicky_arrival_underground_garden, layout_rooms

Skill      XL: |  1 |
---------------+----+-----
Fighting       | 1 |  1.0
Transmutations | 2 |  2.0
Dodging        | |  1.8
Unarmed Combat | |  2.8
Spellcasting   | |  1.9

Action                   || total
-------------------------++-------
Melee: Unarmed           ||    31
       Headbutt          ||     6
       Kick              ||     2
 Cast: Beastly Appendage ||     6
Armor: Robe              ||     2
Dodge: Dodged            ||    29

Table legend: (Time is in decaauts)
 A = Elapsed time spent in this place.
 B = Non-inter-level travel time spent in this place.
 C = Inter-level travel time spent in this place.
 D = Time resting spent in this place.
 E = Time spent auto-exploring this place.
 F = Levels seen in this place.
 G = Mean time per level.
                   A        B        C        D        E       F      G
               +--------+--------+--------+--------+--------+-----+--------+
         Total |    412 |    412 |      0 |      0 |    338 |   1 |  412.0 |
       Dungeon |    412 |    412 |      0 |      0 |    338 |   1 |  412.0 |
               +--------+--------+--------+--------+--------+-----+--------+

Top non-repeatable levels by time:
     D:1: 412 daAuts
